AoeStats
← Sir bacardi

Arena

509517233Analyzed
4v4 RM · 7d ago on Sep 27, 2026· 55m 1s· 8 players
Game mode
Random Map
Map size
Large (8 player)
Population
200
Speed
Normal
Resources
Standard
Victory
Conquest
Starting age
Dark Age
Ending age
Imperial Age
RankedLock teamsTeams togetherTeam positionsShared explorationLock speedFull tech treeHidden civsTurbo modeCheats
Victory
Defeat
🇺🇸 Danes · United States
1307
+10
🇺🇸 Persians · United States
1257
+12
🇨🇦 Turks · Canada
1252
+12
🇺🇸 Italians · United States
993
+22
🇨🇳 Italians · China
1182
-15
🇦🇺 Saracens · Australia
1171
-15
🇨🇱 Persians · Chile
1145
-13
🇧🇷 Hindustanis · Brazil
1129
-13
Sir bacardi
11:32 Feudal Age
15:15 Castle Age
13:43 Double-Bit Axe
15:06 Horse Collar
22:49 Bow Saw
24:39 Wheelbarrow
27:01 Loom
33:08 Heavy Plow
33:26 Hand Cart
33:23 Town Watch
35:21 Kamandaran
38:22 Imperial Age
35:54 Fletching
36:41 Bodkin Arrow
36:16 Crossbowman
37:06 Thumb Ring
37:48 Light Cavalry
38:38 Bloodlines
38:29 Husbandry
40:20 Two-Man Saw
39:51 Crop Rotation
40:10 Conscription
39:25 Hussar
40:26 Town Patrol
41:21 Scale Barding Armor
41:17 Padded Archer Armor
41:28 Forging
42:31 Chain Barding Armor
43:32 Leather Archer Armor
45:32 Plate Barding Armor
45:33 Iron Casting
47:31 Ring Archer Armor
47:58 Heavy Camel Rider
49:59 Blast Furnace
52:36 Chemistry
51:56 Ballistics
54:45 Caravan
asbt5678
9:55 Feudal Age
11:49 Double-Bit Axe
14:26 Castle Age
13:20 Horse Collar
18:55 Wheelbarrow
19:20 Fletching
26:16 Bow Saw
29:46 Imperial Age
27:46 Loom
28:16 Hand Cart
28:08 Gold Mining
28:22 Heavy Plow
29:29 Fortified Wall
29:42 Padded Archer Armor
31:29 Chemistry
30:31 Stone Mining
31:07 Leather Archer Armor
31:10 Town Watch
32:01 Crop Rotation
32:34 Two-Man Saw
32:42 Scale Mail Armor
33:15 Ring Archer Armor
34:21 Conscription
34:14 Pirotechnia
34:40 Chain Mail Armor
34:35 Forging
33:47 Pikeman
34:27 Squires
34:18 Arson
35:09 Block Printing
39:11 Plate Mail Armor
39:17 Iron Casting
40:11 Stone Shaft Mining
41:22 Silk Road
42:11 Masonry
42:38 Hoardings
42:52 Ballistics
45:07 Blast Furnace
44:04 Bodkin Arrow
46:09 Architecture
46:13 Town Patrol
46:21 Caravan
47:52 Sanctity
49:00 Scale Barding Armor
48:56 Bracer
49:46 Bloodlines
49:37 Husbandry
49:54 Light Cavalry
50:58 Chain Barding Armor
52:40 Plate Barding Armor
52:05 Treadmill Crane
Defenestrator
11:58 Feudal Age
13:15 Horse Collar
14:28 Loom
17:08 Castle Age
15:17 Double-Bit Axe
15:49 Gold Mining
18:34 Bow Saw
18:12 Town Watch
24:42 Wheelbarrow
26:16 Heavy Plow
29:48 Bloodlines
33:51 Imperial Age
34:07 Scale Barding Armor
34:13 Forging
34:03 Heavy Camel Rider
36:22 Iron Casting
37:30 Conscription
37:34 Chain Barding Armor
38:15 Blast Furnace
40:02 Plate Barding Armor
42:02 Counterweights
41:49 Fletching
44:31 Light Cavalry
45:13 Husbandry
45:43 Hussar
Big Albatroz
10:25 Feudal Age
15:30 Castle Age
13:57 Double-Bit Axe
14:37 Stone Mining
20:10 Horse Collar
22:03 Gold Mining
22:26 Bow Saw
24:46 Scale Mail Armor
25:50 Gold Shaft Mining
26:00 Chain Mail Armor
26:31 Forging
30:11 Imperial Age
28:23 Wheelbarrow
27:34 Loom
28:48 Iron Casting
31:40 Elite Ghulam
36:53 Blast Furnace
37:20 Fletching
37:31 Padded Archer Armor
39:00 Hand Cart
38:21 Light Cavalry
39:12 Bloodlines
44:07 Hussar
45:26 Scale Barding Armor
45:30 Stone Mining
46:41 Hoardings
DLonger7
11:15 Feudal Age
12:38 Double-Bit Axe
15:03 Castle Age
15:15 Loom
16:29 Bow Saw
16:02 Horse Collar
16:19 Gold Mining
17:19 Scale Mail Armor
19:50 Chain Mail Armor
21:19 Arson
24:38 Devotion
27:04 Forging
26:58 Squires
28:47 Wheelbarrow
31:38 Iron Casting
34:05 Imperial Age
33:52 Hand Cart
34:12 Hamask
35:37 Plate Mail Armor
36:07 Blast Furnace
34:41 Capped Ram
35:34 Gambesons
37:32 Conscription
36:33 Elite Jomsviking
39:35 Town Watch
40:45 Fletching
41:49 Pikeman
43:27 Halberdier
48:13 Elite Skirmisher
48:59 Thumb Ring
48:51 Bodkin Arrow
48:56 Padded Archer Armor
49:06 Town Patrol
49:44 Ballistics
51:28 Bracer
53:36 Leather Archer Armor
RS.Newp9772
10:18 Feudal Age
14:09 Castle Age
12:00 Double-Bit Axe
12:07 Horse Collar
18:45 Bow Saw
19:20 Heavy Plow
22:49 Wheelbarrow
23:52 Hand Cart
28:43 Imperial Age
26:31 Scale Barding Armor
26:54 Town Watch
27:33 Forging
27:44 Chain Barding Armor
27:39 Masonry
27:53 Gold Mining
27:53 Stone Mining
28:20 Town Patrol
28:08 Loom
28:42 Bloodlines
28:32 Husbandry
29:18 Iron Casting
28:31 Cavalier
30:08 Plate Barding Armor
30:01 Savar
32:01 Blast Furnace
36:26 Gold Shaft Mining
36:59 Coinage
38:27 Banking
41:35 Fervor
42:14 Conscription
43:08 Two-Man Saw
42:41 Crop Rotation
45:41 Light Cavalry
46:42 Caravan
53:01 Citadels
53:29 Herbal Medicine
53:43 Herbal Medicine
-x9
10:54 Feudal Age
14:29 Castle Age
12:26 Stone Mining
13:23 Double-Bit Axe
13:51 Horse Collar
15:43 Loom
17:28 Bow Saw
19:41 Fletching
21:34 Bodkin Arrow
24:47 Ballistics
25:01 Padded Archer Armor
25:28 Heavy Plow
27:55 Leather Archer Armor
32:07 Imperial Age
32:17 Wheelbarrow
31:37 Gold Mining
32:55 Thumb Ring
32:56 Bracer
33:58 Chemistry
34:37 Two-Man Saw
34:34 Conscription
36:14 Pirotechnia
38:35 Ring Archer Armor
41:11 Hand Cart
41:44 Stone Shaft Mining
45:34 Crop Rotation
48:17 Elite Skirmisher
51:31 Town Watch
52:29 Caravan
54:10 Elite Genoese Crossbowman
55:14 Silk Road
Veloester
12:30 Feudal Age
16:18 Castle Age
17:11 Double-Bit Axe
21:59 Imperial Age
20:10 Bow Saw
21:53 Wheelbarrow
27:36 Stone Mining
29:42 Hand Cart
33:02 Bloodlines
36:29 Loom
37:05 Forging
37:31 Husbandry
38:23 Conscription
38:28 Padded Archer Armor
40:08 Bombard Tower
39:54 Artillery
40:33 Leather Archer Armor
40:24 Town Watch
42:18 Two-Man Saw
41:01 Horse Collar
42:04 Scale Barding Armor
44:23 Sipahi
43:25 Elite Janissary
45:08 Town Patrol
44:50 Heavy Camel Rider
46:02 Chain Barding Armor
46:14 Ring Archer Armor
47:18 Plate Barding Armor
47:19 Iron Casting
Connection lost

Rejoining the realm…

Still unreachable

The connection could not be restored.

Session expired

The server has moved on; the page needs a fresh start.